 Dungeon Crawl Stone Soup version 0.25.0-9-g26727b657a (webtiles) character file.

Game seed: 1679403333504353067

1484 Delamore the Basher (level 8, -2/46 HPs)
             Began as a Gargoyle Fighter on June 18, 2020.
             Killed by divine providence
             ... invoked by an orc priest
              (13 damage)
             ... on level 6 of the Dungeon.
             The game lasted 00:09:10 (6487 turns).

Delamore the Basher (Gargoyle Fighter)              Turns: 6487, Time: 00:09:11

Health: -2/46      AC: 14    Str: 21    XL:     8   Next: 79%
Magic:  8/8        EV:  7    Int: 10    God:
Gold:   231        SH:  9    Dex:  9    Spells: 7/7 levels left

rFire    . . .     SeeInvis .   a - +0 flail
rCold    + . .     Gourm    .   c - +0 kite shield
rNeg     + . .     Faith    .   G - +0 scale mail {rC+}
rPois    ∞         Spirit   .   z - +0 helmet
rElec    +         Reflect  .   (no cloak)
rCorr    .         Harm     .   (no gloves)
MR       .....                  v - +0 pair of boots
Stlth    ..........             (no amulet)
HPRegen  0.15/turn              C - ring of wizardry
MPRegen  0.11/turn              (no ring)

@: no status effects
A: negative energy resistance 1, electricity resistance, unbreathing,
petrification resistance, rot immunity, AC +5
a: no special abilities


You were on level 6 of the Dungeon.
You were not hungry.

You visited 1 branch of the dungeon, and saw 6 of its levels.

You collected 231 gold pieces.

Inventory:

Hand Weapons
 a - a +0 flail (weapon)
Missiles
 y - 7 curare-tipped darts (quivered)
Armour
 b - a +0 scale mail
 c - a +0 kite shield (worn)
 v - a +0 pair of boots (worn)
 z - a +0 helmet (worn)
 G - a +0 scale mail of cold resistance (worn)
Jewellery
 C - a ring of wizardry (left hand)
Wands
 F - a wand of polymorph (5)
 H - a wand of flame (16)
 I - a wand of disintegration (8)
Scrolls
 e - 8 scrolls of identify {unknown}
 i - 2 scrolls of remove curse {unknown}
 j - 3 scrolls of enchant armour {unknown}
 k - a scroll of fear {unknown}
 m - 2 scrolls of teleportation {unknown}
 n - a scroll of random uselessness {unknown}
 q - a scroll of fog {unknown}
 r - 3 scrolls of amnesia {unknown}
 t - a scroll of magic mapping {unknown}
 w - a scroll of immolation {unknown}
 x - a scroll of enchant weapon {unknown}
 B - a scroll of blinking {unknown}
 D - a scroll of noise {unknown}
Potions
 d - 2 potions of might
 g - a potion of heal wounds {unknown}
 h - 2 potions of ambrosia {unknown}
 l - a potion of curing {unknown}
 o - a potion of flight {unknown}
 p - 2 potions of cancellation {unknown}
 s - a potion of brilliance {unknown}
 u - a potion of degeneration {unknown}
 A - a potion of mutation {unknown}
Comestibles
 f - 13 rations
 E - 5 chunks of flesh


   Skills:
 - Level 3.2 Fighting
 + Level 10.7 Maces & Flails
 - Level 3.2 Armour
 - Level 3.2 Shields


You had 7 spell levels left.
You didn't know any spells.
Your spell library was empty.

Dungeon Overview and Level Annotations

Branches:
Dungeon (6/15)
 Temple: D:4-7

Altars:
Gozag
Nemelex Xobeh
Vehumet

Shops:
D:5 [   D:6 [


Innate Abilities, Weirdness & Mutations

You are resistant to torment.
Your stone body is resilient. (AC +5)
You are immune to poison.
You resist negative energy. (rN+)
You are resistant to electric shocks. (rElec)
You can survive without breathing.
You are immune to petrification.
You are immune to rotting.


Message History

The orc wizard hits you but does no damage.
The giant cockroach bites you but does no damage.
The orc warrior hits you with a cursed +0 glaive.
The orc priest invokes the aid of Beogh against you.
Beogh smites you!
* * * LOW HITPOINT WARNING * * *
The orc warrior hits you but does no damage.
The orc priest mumbles some strange prayers to Beogh against you.
Pain shoots through your body!
* * * LOW HITPOINT WARNING * * *
The orc wizard casts a spell.
The orc wizard flickers and vanishes!
Deactivating autopickup; reactivate with Ctrl-A.
You see here 26 sling bullets.
A shadow imp comes into view.
The shadow imp shouts!
Found a chain mail.
The orc priest calls down the wrath of Beogh upon you.
Beogh smites you!
You die...

..... #....o.......#
...... #..#..####...#
#####......## ##.o.##
#..###
..g.Za........##.######.##
..(g....... #..5........#
.####.##..#5..##.#####.##
.# # [..#. #s# #.# .# . ..
#.# #.# .# .. #@# #.# .#
## .###.#####.# .#
.........#.# .. ##...#.#.#
#.......# #...#.###
#..##.# ##.##.# ##.##.#


You could see an orc priest, a shadow imp and a giant cockroach.

Vanquished Creatures
  2 phantoms
  2 ice beasts (D:5)
  A centaur (D:5)
  A gnoll sergeant (D:5)
  A scorpion (D:5)
  2 orc priests
  3 hounds
  A bullfrog skeleton (D:6)
  2 jellies (D:5)
  2 centaur skeletons (D:4)
  4 orc wizards
  10 worker ants (D:5)
  A howler monkey zombie (D:5)
  Robin (D:3)
  A howler monkey skeleton (D:4)
  4 gnolls (D:6)
  11 adders
  3 oozes
  An adder skeleton (D:6)
  2 worms (D:3)
  A dart slug (D:1)
  4 leopard geckos
  15 orcs
  4 giant cockroaches
  10 goblins
  13 hobgoblins
  11 jackals
  A quokka (D:5)
  A ball python (D:4)
  3 bats
  6 frilled lizards
  A giant cockroach zombie (D:6)
  A jackal skeleton (D:6)
  6 kobolds
  A leopard gecko zombie (D:5)
  4 rats
137 creatures vanquished.

Notes
Turn   | Place    | Note
-------+----------+-------------------------------------------
     0 | D:1      | Delamore the Gargoyle Fighter began the quest for the Orb.
     0 | D:1      | Reached XP level 1. HP: 14/14 MP: 1/1
     9 | D:1      | You fall into a shaft and drop 1 floor!
   495 | D:1      | Reached XP level 2. HP: 19/19 MP: 2/2
   528 | D:1      | Reached skill level 3 in Maces & Flails
   597 | D:1      | Reached XP level 3. HP: 21/23 MP: 3/3
  1299 | D:2      | Reached skill level 4 in Maces & Flails
  1558 | D:2      | Reached XP level 4. HP: 28/28 MP: 4/4
  1958 | D:3      | Found a radiant altar of Vehumet.
  2574 | D:3      | Found a sparkling altar of Nemelex Xobeh.
  2611 | D:3      | Noticed Robin
  2615 | D:3      | Reached skill level 5 in Maces & Flails
  2615 | D:3      | Reached XP level 5. HP: 25/32 MP: 5/5
  2684 | D:3      | Killed Robin
  3410 | D:4      | Noticed a phantom
  3454 | D:4      | Killed a phantom
  3454 | D:4      | Reached skill level 6 in Maces & Flails
  3454 | D:4      | Reached XP level 6. HP: 27/37 MP: 6/6
  3937 | D:4      | Reached skill level 7 in Maces & Flails
  4237 | D:5      | Entered Level 5 of the Dungeon
  4237 | D:5      | Noticed an ice beast
  4252 | D:5      | Killed an ice beast
  4252 | D:5      | Reached XP level 7. HP: 41/41 MP: 7/7
  4276 | D:5      | Reached skill level 8 in Maces & Flails
  5079 | D:5      | Reached skill level 9 in Maces & Flails
  5079 | D:5      | Reached XP level 8. HP: 25/46 MP: 8/8
  5234 | D:5      | Found Xyovyiw's Armour Shoppe.
  5683 | D:5      | Reached skill level 10 in Maces & Flails
  5871 | D:6      | Found Totab's Antique Armour Emporium.
  6474 | D:6      | Found an opulent altar of Gozag.
  6487 | D:6      | Killed from afar by an orc priest

Illustrated notes

Levels and vault maps discovered:
D:1:      lemuel_arrival_lava_pool, layout_basic
D:2:      layout_loops_corners, kennysheep_minor_cross
D:3:      layout_basic, nicolae_overflow_crystal_walls,
          nemelex_xobeh_ov_fountains_minmay, uniq_robin
D:4:      layout_cave_pools, corner_web_ring, minivault_19
D:5:      layout_rooms, serial_shops, shop, first_ration, grunt_ministairs_14,
          minmay_misc_feat_five
D:6:      layout_loops_ring, old_standard_altar,
          minmay_temple_entry_butterflies, serial_shops,
          nicolae_shop_statue_plus, grunt_ministairs_12, minmay_misc_feat_x,
          fedhas_ov_isle_minmay

Skill      XL: |  1  2  3  4  5  6  7  8 |
---------------+-------------------------+-----
Maces & Flails | 3 4 5 6 7 9 10 | 10.7
Fighting       | |  3.2
Armour         | |  3.2
Shields        | |  3.2

Action                   |  1- 3 |  4- 6 |  7- 9 || total
-------------------------+-------+-------+-------++-------
Melee: Flail             |    95 |   302 |   248 ||   645
  Use: Potion            |       |     1 |       ||     1
  Eat: Chunk             |     2 |     9 |     8 ||    19
Armor: Scale mail        |    43 |   215 |   111 ||   369
Dodge: Dodged            |    30 |    97 |    49 ||   176
Block: Kite shield       |    54 |   165 |    93 ||   312
